Map: Buried Caverns

Players

A.I. 5 (Hard)

  • Race: Terran Terran
  • Spawn Location: 3:00

A.I. 4 (Hard)

  • Race: Protoss Protoss
  • Spawn Location: 3:00

A.I. 3 (Medium)

  • Race: Protoss Protoss
  • Spawn Location: 5:00

FroGGe - Winner!

  • Race: Zerg Zerg
  • Spawn Location: 9:00

Lunarbears - Winner!

  • Race: Terran Terran
  • Spawn Location: 7:00

larsgj - Winner!

  • Race: Terran Terran
  • Spawn Location: 9:00

VOD

Have the link to the VOD?

Description

Time

  • Played on: May 9, 2020, 4:04 p.m.
  • Length: 27:37
Show
View Real Time Build Order
Export as new Build Order

A.I. 5 (Hard) Terran 

Build Orders:  

Get SALT Encoding   

  12  0:01  SCV  
  13  0:13  SCV  
  14  0:19  Supply Depot  
  14  0:25  SCV  
  15  0:41  SCV  
  16  0:45  Barracks  
  16  0:50  Refinery  
  16  0:53  SCV  
  17  1:05  SCV  
  18  1:17  SCV  
  19  1:21  Supply Depot  
  19  1:30  SCV  
  20  1:32  Marine  
  21  1:42  Orbital Command, Barracks  
  21  1:49  Refinery  
  21  1:51  Barracks Tech Lab  
  21  2:09  Marine  
  21  2:10  Supply Depot  
  22  2:27  Marine  
  23  2:31  Marine  
  24  2:42  Supply Depot  
  24  2:44  Marine  
  25  2:51  Marine  
  26  3:02  Marine  
  27  3:11  Marine  
  28  3:17  SCV, Supply Depot  
  29  3:22  Marauder  
  31  3:29  SCV  
  31  3:31  Engineering Bay, Marine  
  33  3:41  SCV  
  33  3:43  Marine  
  35  3:53  SCV  
  36  4:01  Marauder  
  38  4:06  SCV  
  39  4:18  SCV  
  39  4:22  Marauder  
  42  4:44  Marauder  
  44  5:05  Marauder  
  46  5:26  Marauder  
  48  6:28  Barracks Tech Lab  
  48  6:30  Stimpack, Terran Infantry Weapons Level 1  
  48  6:32  Factory  
  48  6:35  Factory  
  48  6:39  Supply Depot  
  48  6:41  Missile Turret, Command Center  
  48  6:43  Missile Turret  
  48  6:46  Combat Shield  
  48  6:48  Barracks  
  48  7:05  Supply Depot  
  48  7:07  Marine  
  44  7:10  Bunker  
  29  7:17  Factory Tech Lab  
  29  7:18  Marine  
  30  7:24  Starport  
  30  7:30  Marine  
  30  7:33  Starport, Factory Tech Lab  
  31  7:41  Marine  
  32  7:53  Marine  
  32  7:54  SCV  
  32  7:55  Refinery  
  32  7:56  SCV  
  34  8:04  Marine  
  35  8:06  SCV  
  35  8:08  SCV  
  35  8:09  Missile Turret  
  35  8:12  Missile Turret  
  37  8:14  Starport Tech Lab x2, Refinery  
  37  8:16  Marine  
  37  8:19  SCV  
  39  8:20  SCV  
  39  8:25  Terran Infantry Armor Level 1  
  40  8:28  Marauder, Sensor Tower  
  40  8:31  SCV  
  40  8:32  SCV  
  46  8:34  Bunker  
  46  8:39  Siege Tank  
  51  8:42  Raven, Armory  
  51  8:43  SCV  
  51  8:44  Raven, SCV, Barracks Reactor  
  53  8:51  Cyclone  
  53  8:55  SCV  
  57  8:57  SCV  
  58  9:07  SCV  
  58  9:09  SCV  
  59  9:16  Viking  
  61  9:19  SCV  
  61  9:21  SCV, Banshee  
  66  9:31  SCV  
  66  9:33  SCV  
  68  9:43  SCV  
  68  9:45  SCV  
  70  9:46  Banshee  
  73  10:24  Marine  
  65  10:36  Cyclone  
  67  10:47  Marine  
  59  10:57  Raven  
  59  10:59  Marine  
  60  11:11  Marauder, Medivac  
  62  11:15  Supply Depot  
  62  11:16  Marine  
  65  11:21  Marine  
  66  11:31  Viking  
  68  11:33  Marine  
  68  11:39  Marine  
  70  11:41  Medivac, Supply Depot  
  70  11:45  Siege Tank  
  75  11:47  Engineering Bay  
  75  11:51  Marauder  
  77  11:57  Siege Tank  
  77  11:58  Command Center  
  80  12:01  Medivac  
  80  12:02  Terran Infantry Weapons Level 2  
  80  12:04  Marine  
  80  12:07  Supply Depot  
  85  12:17  Siege Tank  
  85  12:20  Raven  
  88  12:23  Terran Infantry Armor Level 2  
  88  12:28  Terran Vehicle Weapons Level 1  
  88  12:29  Siege Tank  
  91  12:33  Supply Depot  
  91  12:49  Siege Tank  
  91  12:58  Ghost Academy  
  91  13:01  Hellion, Marine  
  91  13:02  Supply Depot  
  83  13:07  Marine  
  72  13:13  SCV, Marine  
  72  13:15  SCV  
  72  13:17  SCV  
  72  13:18  Raven  
  72  13:19  Marine, Refinery  
  77  13:25  SCV, Marine  
  77  13:27  SCV  
  77  13:29  SCV  
  77  13:32  Missile Turret  
  77  13:37  SCV  
  77  13:38  Marauder, Marine  
  77  13:39  Raven  
  77  13:40  SCV  
  77  13:41  Refinery  
  82  13:42  SCV  
  82  13:43  Marauder  
  82  13:44  Missile Turret  
  85  13:49  SCV  
  85  13:52  SCV, Viking  
  85  13:53  Marine  
  85  13:54  SCV  
  91  13:59  Siege Tank  
  91  14:01  SCV  
  95  14:04  Hellion  
  95  14:06  SCV  
  95  14:07  Bunker  
  96  14:13  SCV  
  87  14:25  Siege Tank  
  87  14:30  Viking  
  81  14:31  Hellion  
  81  14:34  Marauder  
  81  14:37  Marine  
  79  14:44  Marine  
  74  14:48  Marine  
  66  14:56  Marine  
  127  15:00  Viking  
  59  15:05  Siege Tank  
  39  15:34  Viking  
  39  15:41  Barracks  
  33  15:54  Supply Depot  
  33  16:07  Supply Depot  
  31  16:15  Supply Depot  
  31  16:36  Marine  
  32  16:54  Marine  
  31  17:04  SCV, Viking  
  33  17:16  SCV  
  34  17:28  SCV  
  33  17:40  SCV  
  34  17:47  Raven  
  32  17:58  SCV  
  30  18:21  Marine, Viking  
  33  18:29  Command Center  
  33  18:39  Marine  
  34  18:50  Orbital Command, Command Center  
  34  18:53  Factory  
  36  18:55  Supply Depot  
  36  18:56  Marine  
  36  18:59  Barracks  
  36  19:00  Raven  
  37  19:14  Marine  
  38  19:32  Marine  
  39  19:47  Marine  
  39  19:49  Refinery  
  39  19:50  Marine, Command Center  
  39  19:51  Factory Tech Lab  
  41  19:53  Supply Depot  
  41  19:57  Factory  
  41  20:02  Starport  
  41  20:04  Marine  
  42  20:09  Barracks Tech Lab  
  42  20:14  SCV  
  43  20:18  SCV  
  44  20:22  Marine  
  44  20:27  Marine  
  46  20:34  Ghost Academy  
  46  20:40  Starport Tech Lab  
  46  20:41  Factory Tech Lab  
  46  20:42  Barracks Tech Lab  
  40  20:45  Marauder  
  38  20:53  Raven  
  38  20:59  Marine  
  38  21:03  SCV  
  40  21:06  Marine  
  40  21:07  SCV  
  40  21:09  SCV  
  43  21:13  SCV  
  43  21:15  SCV  
  43  21:18  Marauder  
  47  21:19  SCV  
  47  21:21  SCV  
  47  21:24  Marine  
  50  21:39  Marine  
  49  21:41  Marine, Medivac  
  46  21:56  Raven  
  46  21:57  Marauder  
  46  21:59  Ghost  
  52  22:17  Hellion  
  52  22:18  Marine  
  52  22:20  Raven, Siege Tank  
  58  22:25  Refinery  
  58  22:28  Marauder, Refinery  
  60  22:30  Medivac  
  60  22:36  Marine  
  63  22:38  Hellion  
  65  22:49  Marine  
  66  22:53  Siege Tank  
  66  22:54  Marauder, Medivac  
  66  22:57  Refinery  
  73  22:59  Siege Tank  
  73  23:05  Supply Depot  
  76  23:07  Marine  
  77  23:15  Marine  
  76  23:20  SCV  
  76  23:25  Marine, Siege Tank  
  68  23:33  Marine, Medivac, Hellion  
  61  23:41  Viking  
  61  23:43  Marine  
  64  23:50  Marine  
  64  23:54  Hellion  
  66  23:57  Siege Tank  
  70  24:02  Marauder  
  70  24:03  Viking  
  70  24:09  Marauder  
  72  24:11  Medivac  
  72  24:15  Hellion  
  76  24:23  Marine  
  76  24:29  Siege Tank  
  76  24:30  Marine  
  80  24:37  Command Center  
  80  24:40  Hellion  
  80  24:41  Marine, Supply Depot  
  83  24:47  Marine  
  80  24:59  Marine  
  75  25:00  Medivac  
  75  25:01  Siege Tank  
  75  25:02  Hellion  
  75  25:05  Marine  
  63  25:17  Marine  
  62  25:23  SCV, Siege Tank, Marine  
  62  25:24  SCV  
  62  25:27  Armory, SCV  
  69  25:29  Engineering Bay  
  69  25:31  Refinery  
  69  25:34  Hellion  
  69  25:35  Marine, SCV  
  63  25:37  Fusion Core  
  63  25:41  Marine, Supply Depot  
  59  25:50  Refinery  
  59  25:52  Marine  
  59  25:55  Hellion, Siege Tank  
  59  25:56  Barracks  
  63  25:59  Marine  
  63  26:03  Engineering Bay  
  64  26:05  Refinery  
  64  26:10  Marine  
  65  26:16  Siege Tank  
  65  26:17  Marine  
  66  26:21  SCV, Missile Turret  
  66  26:23  SCV  
  58  26:27  Hellion, Command Center  
  58  26:28  Marine  
  58  26:30  Supply Depot  
  44  26:33  SCV  
  44  26:34  Marine  
  44  26:35  SCV  
  32  26:45  SCV  
  32  26:46  Marauder  
  15  26:57  SCV  
Show
View Real Time Build Order
Export as new Build Order

A.I. 4 (Hard) Protoss 

Build Orders:  

Get SALT Encoding   

  12  0:01  Probe  
  13  0:13  Probe  
  14  0:22  Pylon  
  14  0:25  Probe  
  15  0:36  Probe  
  16  0:44  Probe  
  17  0:50  Assimilator  
  17  0:53  Probe, Gateway  
  18  1:01  Probe  
  18  1:02  Pylon  
  19  1:24  Probe  
  20  1:41  Zealot  
  20  1:45  Cybernetics Core  
  20  1:46  Gateway  
  22  1:48  Assimilator  
  22  2:04  Pylon  
  22  2:18  Adept  
  22  2:21  Warp Gate  
  24  2:34  Zealot  
  26  2:46  Pylon  
  26  2:48  Adept  
  28  2:54  Adept  
  30  3:18  Stalker  
  32  3:23  Stalker  
  32  3:26  Pylon  
  34  3:27  Probe  
  35  3:39  Probe  
  36  3:48  Stalker  
  36  3:49  Forge  
  36  3:51  Probe  
  39  3:55  Adept  
  41  4:03  Probe  
  42  4:11  Probe  
  43  4:19  Probe  
  44  4:26  Adept  
  46  4:39  Adept  
  48  6:19  Zealot  
  48  6:23  Gateway  
  48  6:25  Protoss Ground Weapons Level 1  
  50  6:26  Nexus, Pylon  
  50  6:28  Photon Cannon  
  50  6:30  Zealot  
  50  6:31  Photon Cannon  
  52  6:34  Robotics Facility  
  52  6:39  Twilight Council  
  52  6:40  Stalker  
  52  6:43  Forge  
  54  6:48  Stargate  
  54  6:50  Pylon  
  54  6:51  Stalker  
  42  7:03  Zealot  
  38  7:14  Sentry  
  40  7:16  Observer  
  41  7:23  Protoss Ground Armor Level 1  
  41  7:25  Stalker  
  43  7:34  Observer  
  43  7:36  Adept  
  45  7:39  Probe  
  45  7:40  Probe  
  48  7:46  Pylon  
  48  7:47  Zealot  
  50  7:51  Probe  
  50  7:53  Probe  
  50  7:56  Nexus  
  50  7:57  Stalker  
  54  8:03  Probe  
  55  8:08  Adept  
  55  8:10  Probe  
  58  8:15  Probe  
  58  8:17  Blink  
  58  8:19  Stalker  
  61  8:20  Probe  
  62  8:27  Probe  
  62  8:28  Probe  
  63  8:36  Probe  
  63  8:38  Stalker  
  63  8:39  Probe  
  67  8:48  Probe, Pylon  
  67  8:52  Probe  
  69  8:59  Probe  
  70  9:08  Probe  
  70  9:09  Probe  
  71  9:10  Probe  
  71  9:11  Photon Cannon  
  73  9:19  Probe  
  73  9:21  Probe  
  73  9:24  Probe  
  76  9:25  Pylon  
  76  9:27  Probe  
  76  9:30  Photon Cannon  
  76  9:33  Probe, Pylon  
  76  9:35  Probe  
  76  9:36  Probe  
  79  9:44  Probe  
  79  9:45  Probe  
  81  9:48  Probe  
  83  9:55  Probe  
  83  9:56  Photon Cannon  
  83  9:57  Probe  
  83  9:59  Photon Cannon  
  85  10:00  Probe  
  85  10:05  Probe  
  86  10:09  Probe  
  86  10:12  Probe  
  86  10:13  Probe  
  90  10:27  Stalker  
  90  10:34  Assimilator  
  90  10:35  Assimilator  
  84  10:38  Stalker  
  72  10:43  Assimilator  
  72  10:45  Assimilator  
  72  10:49  Adept  
  68  10:54  Gateway  
  68  10:56  Stargate  
  68  10:58  Adept, Warp Prism  
  70  11:07  Robotics Facility  
  70  11:08  Zealot  
  74  11:17  Zealot  
  76  11:26  Zealot  
  78  11:34  Warp Prism  
  78  11:36  Sentry  
  82  11:45  Zealot  
  84  11:50  Protoss Ground Weapons Level 2  
  84  11:54  Observer  
  85  11:55  Stalker  
  85  12:00  Pylon  
  87  12:04  Stalker  
  89  12:10  Warp Prism  
  89  12:11  Protoss Ground Armor Level 2  
  89  12:13  Stalker  
  93  12:15  Robotics Bay  
  93  12:23  Phoenix  
  95  12:33  Immortal  
  99  12:39  Phoenix  
  99  12:43  Protoss Air Weapons Level 1  
  101  12:52  Immortal, Templar Archives  
  101  12:53  Gravitic Drive  
  101  12:55  Fleet Beacon  
  91  13:01  Zealot  
  89  13:10  Stalker  
  89  13:20  Stalker  
  89  13:29  Stalker  
  77  13:40  Void Ray  
  83  13:43  Warp Prism  
  83  13:44  Void Ray  
  85  13:51  Stalker  
  85  13:53  Pylon  
  75  14:01  Sentry  
  55  14:17  Phoenix  
  55  14:19  Warp Prism  
  55  14:22  Void Ray  
  63  14:25  Stalker  
  63  14:30  Robotics Bay  
  65  14:35  Nexus  
  65  14:36  Zealot  
  67  14:41  Probe  
  67  14:43  Fleet Beacon  
  67  14:44  Probe  
  67  14:45  Phoenix, Immortal  
  71  14:50  Assimilator  
  71  14:52  Stalker  
  73  14:55  Stalker  
  73  14:56  Pylon  
  73  14:58  Stalker, Assimilator  
  81  15:01  Adept  
  81  15:05  Robotics Facility  
  83  15:08  Nexus  
  83  15:16  Stalker  
  83  15:18  Carrier  
  83  15:19  Stalker  
  83  15:20  Colossus  
  87  15:25  Adept  
  95  15:31  Adept  
  95  15:34  Pylon  
  107  15:38  Zealot  
  107  15:41  Void Ray  
  107  15:42  Warp Prism  
  109  15:46  Zealot  
  110  15:50  Adept  
  110  15:56  Adept  
  114  16:03  Zealot  
  92  16:15  Probe  
  92  16:18  Pylon  
  93  16:22  Probe  
  93  16:24  Probe  
  86  16:26  Probe  
  86  16:28  Probe  
  80  16:34  Probe  
  80  16:39  Probe  
  79  16:46  Stalker  
  70  16:59  Pylon  
  70  17:02  Gateway  
  60  17:08  Probe  
  60  17:14  Probe  
  60  17:17  Probe  
  60  17:20  Probe  
  60  17:52  Cybernetics Core  
  60  18:01  Zealot  
  62  18:10  Gateway  
  62  18:15  Zealot  
  64  18:27  Forge  
  64  18:28  Stalker  
  64  18:31  Stargate  
  64  18:34  Twilight Council  
  66  18:44  Zealot  
  68  19:02  Gateway, Sentry  
  70  19:06  Photon Cannon  
  70  19:07  Stalker  
  72  19:11  Photon Cannon  
  72  19:13  Templar Archives  
  72  19:17  Stalker  
  74  19:24  Stargate  
  74  19:26  Sentry  
  74  19:30  Immortal  
  76  19:37  Stalker  
  82  19:43  Immortal  
  86  19:49  Stalker  
  88  19:55  Gateway, Stalker  
  90  20:01  Stalker  
  90  20:05  Probe, Carrier  
  94  20:07  Probe  
  94  20:10  Probe  
  94  20:11  Probe  
  94  20:13  High Templar  
  104  20:17  Probe  
  104  20:18  Zealot  
  104  20:19  Probe  
  108  20:22  Probe  
  108  20:23  Probe  
  108  20:25  High Templar  
  112  20:29  Probe  
  112  20:34  Archon  
  101  20:36  Stalker  
  101  20:41  Stalker  
  77  20:48  Adept  
  67  20:52  Stalker  
  67  20:56  Stalker  
  71  21:01  Immortal  
  71  21:05  High Templar  
  77  21:16  Zealot  
  79  21:22  Zealot  
  81  21:28  Stalker  
  77  21:34  Stalker  
  77  21:40  Stalker  
  77  21:45  Adept  
  81  21:50  Stalker  
  81  21:59  Stalker  
  81  22:00  Void Ray  
  87  22:05  Stalker  
  89  22:10  Stalker  
  89  22:15  Sentry  
  93  22:19  Probe, Colossus  
  93  22:21  Probe x2  
  101  22:23  Probe  
  101  22:25  Tempest  
  108  22:30  Probe, Sentry  
  108  22:32  Gravitic Boosters  
  108  22:35  Adept  
  113  22:38  Probe  
  114  22:52  Nexus  
  114  23:21  Stalker  
  114  23:26  Stalker  
  114  23:30  Zealot  
  116  23:38  Zealot  
  116  23:40  Pylon  
  101  23:45  Zealot  
  81  23:49  Zealot  
  81  23:53  Stalker  
  81  23:55  Immortal  
  64  24:04  Pylon  
  64  24:08  Pylon  
  33  24:25  Pylon  
  33  24:27  Pylon  
  27  25:01  Gateway  
  25  25:08  Probe  
  25  25:09  Forge  
  16  25:22  Probe  
  16  25:24  Probe  
  20  25:31  Nexus  
  20  25:34  Assimilator  
  21  25:37  Assimilator  
  21  25:41  Pylon  
  12  26:15  Probe  
  8  26:23  Probe  
Show
View Real Time Build Order
Export as new Build Order

A.I. 3 (Medium) Protoss 

Build Orders:  

Get SALT Encoding   

  12  0:01  Probe  
  13  0:13  Probe  
  14  0:21  Pylon  
  14  0:25  Probe  
  15  0:35  Probe  
  16  0:43  Probe  
  16  0:49  Assimilator  
  17  0:53  Probe, Gateway  
  18  1:02  Pylon  
  18  1:33  Gateway  
  18  1:35  Assimilator  
  18  1:42  Zealot  
  18  1:45  Cybernetics Core  
  20  2:00  Zealot  
  20  2:12  Pylon  
  20  2:15  Warp Gate  
  22  2:23  Stalker  
  24  2:38  Stalker  
  24  2:40  Probe  
  27  2:52  Probe  
  27  2:53  Stalker  
  30  3:03  Pylon  
  30  3:04  Probe  
  31  3:08  Stalker  
  33  3:16  Probe, Forge  
  34  3:28  Probe  
  35  3:40  Probe  
  36  5:26  Sentry  
  36  5:27  Probe  
  39  5:29  Photon Cannon  
  39  5:31  Photon Cannon  
  39  5:34  Robotics Facility  
  39  5:39  Stargate  
  39  5:40  Adept  
  41  5:42  Pylon  
  41  5:44  Gateway  
  41  5:49  Forge  
  41  5:53  Stalker  
  41  5:54  Twilight Council  
  41  6:07  Sentry  
  41  6:08  Pylon  
  33  6:21  Adept  
  33  6:22  Observer  
  36  6:35  Stalker  
  36  6:38  Nexus  
  38  6:44  Observer  
  39  6:48  Stalker  
  41  7:02  Zealot  
  43  7:16  Zealot  
  45  7:29  Stalker  
  47  7:43  Stalker  
  49  7:52  Probe  
  49  7:55  Probe  
  49  7:58  Assimilator  
  51  7:59  Pylon  
  51  8:02  Pylon  
  51  8:04  Probe, Assimilator  
  52  8:07  Probe  
  53  8:16  Probe  
  53  8:18  Probe  
  55  8:25  Photon Cannon  
  55  8:26  Probe  
  55  8:27  Photon Cannon  
  55  8:28  Probe  
  55  8:31  Photon Cannon  
  57  8:37  Probe  
  57  8:40  Probe  
  59  8:49  Probe x2  
  61  8:58  Probe  
  61  9:01  Probe  
  63  9:08  Probe  
  63  9:13  Probe  
  65  9:20  Probe  
  65  9:23  Probe  
  67  9:31  Probe  
  67  9:32  Probe  
  69  9:44  Probe  
  70  9:57  Void Ray  
  70  9:58  Stalker x2  
  70  10:00  Protoss Ground Armor Level 1  
  70  10:02  Warp Prism  
  70  10:06  Gateway  
  76  10:07  Protoss Ground Weapons Level 1  
  76  10:10  Zealot  
  76  10:12  Pylon  
  78  10:28  Dark Shrine  
  78  10:30  Void Ray  
  80  10:38  Warp Prism, Zealot  
  74  10:46  Zealot  
  66  10:55  Sentry  
  68  11:04  Stalker  
  70  11:12  Stalker  
  70  11:14  Observer  
  73  11:21  Stalker  
  75  11:30  Adept  
  77  11:39  Nexus  
  77  12:50  Probe  
  77  12:56  Probe x2  
  79  12:59  Probe  
  79  13:04  Probe, Observer  
  79  13:05  Probe  
  81  13:07  Assimilator  
  81  13:08  Probe  
  81  13:12  Probe  
  84  13:13  Assimilator  
  85  13:20  Protoss Ground Armor Level 2  
  85  13:29  Adept, Protoss Ground Weapons Level 2  
  85  13:33  Adept  
  89  13:38  Adept  
  91  13:42  Adept  
  91  13:47  Immortal, Protoss Air Weapons Level 1  
  97  13:52  Adept  
  99  13:56  Stalker  
  99  14:01  Sentry  
  103  14:39  Stalker  
  103  14:44  Adept  
  93  14:48  Sentry  
  93  14:52  Adept  
  93  14:58  Immortal  
  93  15:02  Stalker  
  89  15:07  Zealot  
  89  15:11  Zealot  
  93  15:15  Zealot  
  93  15:20  Adept  
  79  15:29  Sentry  
  79  15:30  Void Ray  
  79  15:33  Stalker  
  83  15:41  Protoss Shields Level 1  
  83  15:42  Sentry  
  73  15:47  Stalker  
  69  15:52  Zealot  
  69  15:55  Protoss Air Armor Level 1  
  69  15:56  Adept  
  73  16:03  Immortal  
  75  16:05  Protoss Ground Armor Level 3  
  75  16:07  Stalker  
  71  16:11  Sentry  
  71  16:15  Zealot  
  75  16:20  Adept  
  75  16:24  Adept  
  73  16:30  Nexus, Void Ray  
  71  16:34  Adept  
  71  16:35  Pylon  
  71  16:39  Stalker  
  75  16:43  Adept  
  77  16:47  Adept  
  79  16:54  Stalker  
  79  16:56  Immortal, Templar Archives  
  79  17:00  Fleet Beacon  
  79  17:04  Robotics Bay  
  79  17:06  Zealot  
  85  17:10  Zealot  
  85  17:15  Sentry  
  89  17:19  Stalker  
  95  17:32  Void Ray  
  95  17:35  Zealot  
  95  17:36  Protoss Air Weapons Level 2  
  97  17:40  Adept  
  99  17:44  Adept  
  99  17:49  Stalker, Assimilator  
  99  17:50  Gravitic Drive  
  103  17:51  Pylon  
  103  17:53  Sentry  
  103  17:54  Pylon, Protoss Ground Weapons Level 3  
  103  17:57  Pylon  
  105  17:58  Assimilator  
  105  18:00  Stalker  
  107  18:17  Photon Cannon  
  107  18:19  Photon Cannon  
  107  18:38  Gravitic Boosters  
  107  18:51  Protoss Shields Level 2  
  107  19:47  Protoss Air Armor Level 2  
  107  20:00  High Templar  
  109  20:09  High Templar  
  111  20:22  Archon  
  111  20:23  High Templar  
  113  20:31  High Templar  
  111  21:00  High Templar, Archon, Protoss Shields Level 3  
  111  21:05  Observer  
  111  21:08  Stalker  
  99  21:17  Stalker  
  85  21:25  Stalker  
  77  21:33  Sentry  
  79  21:40  Sentry  
  81  21:49  Immortal  
  85  21:57  Zealot  
  87  22:05  Zealot  
  89  22:13  High Templar  
  91  22:28  Immortal  
  95  22:31  High Templar, Archon  
  97  22:39  High Templar  
  99  22:55  High Templar, Archon  
  101  23:03  High Templar  
  103  23:18  Archon  
  103  23:49  Zealot  
  105  23:56  Stalker  
  98  24:03  Adept  
  92  24:10  Stalker  
  92  24:15  Probe  
  84  24:18  Probe  
  84  24:20  Probe  
  85  24:24  Zealot  
  85  24:27  Probe  
  85  24:28  Probe  
  85  24:30  Probe  
  85  24:31  Stalker  
  77  24:37  Probe, Stalker  
  54  24:42  Probe  
  54  24:44  Sentry  
  42  24:49  Probe  
  42  24:52  Stalker  
  25  24:54  Probe  
  11  25:08  Zealot  
Show
View Real Time Build Order
Export as new Build Order

FroGGe Zerg - Winner!

Build Orders: Pool First 

Get SALT Encoding   

  12  0:04  Drone  
  13  0:16  Drone  
  13  0:19  Overlord  
  14  0:38  Spawning Pool  
  14  0:39  Drone  
  14  0:56  Drone  
  16  0:57  Drone x2  
  17  1:10  Drone  
  18  1:24  Drone  
  19  1:26  Queen  
  21  1:35  Evolution Chamber  
  20  1:43  Extractor  
  20  1:46  Extractor  
  18  1:55  Zergling x2  
  18  1:56  Zergling x4  
  21  2:32  Hatchery, Zergling x4  
  22  2:37  Overlord  
  22  3:11  Zergling x10  
  27  3:33  Lair  
  27  3:40  Drone x3  
  30  3:45  Drone  
  31  3:52  Zerg Missile Weapons Level 1  
  31  4:02  Zergling x6  
  34  4:05  Drone  
  34  4:06  Drone  
  36  4:35  Hydralisk Den  
  35  4:41  Overlord x2  
  35  4:42  Overlord  
  35  4:45  Drone  
  36  4:59  Queen  
  38  5:05  Hydralisk  
  38  5:06  Hydralisk x2  
  44  5:10  Hydralisk  
  46  5:25  Drone  
  47  5:31  Extractor  
  46  5:47  Zerg Ground Armor Level 1  
  46  5:56  Hydralisk x4  
  46  5:57  Hydralisk x2  
  51  6:59  Hatchery  
  30  7:17  Hydralisk x4  
  30  7:18  Hydralisk x2  
  42  7:31  Drone  
  43  7:40  Zerg Missile Weapons Level 2  
  43  7:45  Queen  
  45  8:08  Overlord  
  45  8:09  Overlord  
  45  8:14  Hydralisk x3  
  45  8:15  Hydralisk  
  53  8:20  Drone  
  54  8:51  Drone x4  
  54  8:54  Infestation Pit  
  57  8:56  Drone x3  
  57  9:00  Drone  
  61  9:10  Queen  
  63  9:31  Swarm Host  
  63  9:32  Hydralisk x3  
  63  9:38  Drone  
  73  9:54  Hive  
  73  9:56  Zerg Ground Armor Level 2  
  73  10:00  Swarm Host  
  73  10:03  Hydralisk  
  63  10:52  Swarm Host  
  63  10:53  Hydralisk x2  
  63  10:54  Hydralisk x5  
  78  11:03  Extractor  
  77  11:06  Extractor, Drone x3  
  79  11:42  Extractor  
  79  11:43  Drone x4  
  79  11:46  Overlord x3  
  79  11:47  Overlord x2  
  82  12:05  Hydralisk x4  
  82  12:06  Hydralisk x4  
  98  12:31  Hatchery  
  98  12:36  Drone x2  
  98  12:37  Drone x5  
  101  12:38  Drone  
  105  12:57  Hydralisk x3  
  111  13:15  Zerg Missile Weapons Level 3  
  103  13:53  Hydralisk x6  
  103  13:54  Hydralisk x2  
  117  14:11  Hydralisk x4  
  89  15:14  Hydralisk x4  
  89  15:15  Hydralisk x8  
  113  15:53  Zerg Ground Armor Level 3  
  111  16:13  Hydralisk x5  
  111  16:14  Hydralisk x3  
  109  16:34  Hydralisk x5  
  109  16:35  Hydralisk x2  
  81  17:24  Drone x3  
  81  17:28  Drone x5  
  81  17:29  Drone x4  
  85  17:50  Spire  
  84  17:54  Muscular Augments  
  84  18:02  Overlord x3  
  84  18:22  Extractor  
  83  18:29  Extractor  
  83  18:31  Overlord x2  
  83  18:32  Hydralisk  
  84  18:56  Queen  
  86  19:05  Grooved Spines  
  86  19:12  Mutalisk x3  
  86  19:13  Mutalisk x7  
  86  19:14  Mutalisk x5  
  86  19:15  Mutalisk x3  
  122  19:27  Zerg Flyer Weapons Level 1  
  122  19:58  Mutalisk x4  
  130  20:03  Hydralisk  
  118  21:08  Mutalisk  
  118  21:09  Mutalisk x5  
  128  21:21  Zerg Flyer Armor Level 1  
  126  22:02  Mutalisk x5  
  126  22:03  Mutalisk  
  138  22:16  Mutalisk x2  
  142  22:42  Mutalisk x2  
  142  22:43  Mutalisk x2  
  150  23:00  Mutalisk  
  150  23:01  Mutalisk x2  
  156  23:15  Zerg Flyer Weapons Level 2  
  148  23:51  Mutalisk x6  
  160  24:18  Mutalisk x4  
  166  24:50  Mutalisk  
  168  24:53  Overlord  
  168  24:54  Overlord x5  
  168  25:15  Mutalisk x2  
  168  25:16  Mutalisk x7  
  186  25:37  Mutalisk  
  186  25:38  Mutalisk x2  
  126  26:40  Mutalisk x2  
  126  26:41  Mutalisk x3  
  134  27:09  Mutalisk x3  
  134  27:11  Mutalisk  
Show
View Real Time Build Order
Export as new Build Order

Lunarbears Terran - Winner!

Build Orders:  

Get SALT Encoding   

  12  0:03  SCV  
  13  0:15  SCV  
  14  0:27  SCV, Supply Depot  
  15  0:52  Barracks  
  15  0:55  Refinery  
  15  0:56  SCV  
  16  1:08  SCV  
  17  1:17  Refinery  
  17  1:20  SCV  
  18  1:32  SCV  
  19  1:44  SCV  
  19  1:45  Marine  
  21  1:55  Supply Depot  
  21  1:56  SCV  
  22  2:03  Marine  
  23  2:13  Orbital Command  
  23  2:19  Supply Depot  
  23  2:20  Marine  
  24  2:38  Marine  
  25  2:44  Engineering Bay  
  25  3:04  Barracks Tech Lab  
  25  3:22  Factory  
  25  3:24  SCV  
  26  3:27  Marine  
  27  3:37  SCV  
  28  3:45  Marine  
  29  3:49  Terran Infantry Weapons Level 1  
  29  3:55  Command Center  
  29  4:02  Marine  
  30  4:10  Factory Tech Lab  
  30  4:20  Marine  
  30  4:22  Starport  
  34  4:31  Cyclone  
  34  4:38  Marine  
  34  4:39  SCV  
  36  4:56  Marauder  
  38  5:06  Cyclone  
  41  5:08  Fusion Core  
  41  5:15  Starport Tech Lab  
  41  5:18  Marauder  
  43  5:29  SCV  
  44  5:39  Marauder  
  44  5:42  SCV  
  47  5:43  Terran Infantry Armor Level 1  
  47  5:46  Banshee  
  50  5:54  SCV  
  51  6:00  Marine  
  52  6:06  SCV  
  53  6:18  SCV  
  54  6:42  Supply Depot  
  54  6:57  Armory  
  54  7:04  Marine, Battlecruiser  
  45  7:25  Marine  
  46  7:33  Cyclone  
  49  7:43  Marine, Supply Depot  
  50  8:05  Thor  
  56  8:11  Factory  
  56  8:25  SCV  
  57  8:32  Refinery  
  57  8:38  SCV  
  58  8:46  Supply Depot  
  58  8:48  Thor, Terran Vehicle Weapons Level 1  
  64  8:50  SCV  
  65  9:22  Command Center  
  65  9:56  Refinery  
  65  10:01  Factory Tech Lab  
  65  10:03  Thor  
  71  10:42  Terran Vehicle And Ship Armor Level 1  
  65  10:46  Thor  
  71  11:12  SCV  
  72  11:24  SCV  
  73  11:36  SCV  
  74  11:44  Thor  
  74  11:45  Thor  
  86  11:48  SCV  
  87  12:00  SCV  
  88  12:12  SCV, Supply Depot  
  89  12:33  Thor  
  89  12:34  Battlecruiser  
  89  12:36  Terran Ship Weapons Level 1  
  101  12:39  Supply Depot  
  62  13:31  Thor  
  62  13:33  Thor  
  74  14:01  Battlecruiser  
  80  14:14  Thor  
  86  14:30  Terran Vehicle Weapons Level 2  
  74  14:59  Thor  
  68  15:00  Thor  
  80  15:42  Thor  
  80  15:43  Thor  
  92  16:02  Supply Depot  
  92  16:14  Orbital Command  
  92  16:22  Orbital Command  
  92  16:25  Thor  
  92  16:26  Thor  
  92  16:46  Terran Vehicle And Ship Armor Level 2  
  80  18:50  Refinery  
  80  18:51  Command Center  
  80  18:58  Refinery  
  80  19:04  Thor x2  
  80  19:09  Battlecruiser  
  98  19:28  Terran Infantry Weapons Level 2  
  98  19:47  Thor x2  
  110  20:11  Refinery  
  110  20:43  Thor x2  
  122  21:26  Thor  
  122  21:44  Terran Infantry Armor Level 2  
  122  22:23  Thor  
  128  22:31  Supply Depot  
  128  22:52  Thor  
  128  22:55  Supply Depot  
  134  23:06  Thor  
  128  24:20  Thor x2  
  140  24:45  Supply Depot  
  134  25:03  Thor x2  
  140  25:07  Supply Depot  
  140  25:45  Thor x2  
  152  26:28  Thor x2  
Show
View Real Time Build Order
Export as new Build Order

larsgj Terran - Winner!

Build Orders:  

Get SALT Encoding   

  12  0:02  SCV  
  13  0:14  SCV  
  13  0:19  Supply Depot  
  14  0:30  SCV  
  16  0:42  SCV  
  16  0:44  Barracks  
  16  0:54  SCV, Refinery  
  17  1:02  Refinery  
  17  1:07  SCV  
  18  1:19  SCV  
  19  1:31  SCV  
  20  1:43  SCV  
  21  1:55  SCV, Command Center  
  21  1:58  Marine  
  23  2:24  Supply Depot  
  23  2:43  Engineering Bay  
  23  2:45  Marine  
  23  2:46  Supply Depot  
  24  3:03  Marine  
  25  3:08  SCV, Supply Depot  
  26  3:20  SCV  
  26  3:21  Marine  
  28  3:29  Factory  
  28  3:32  SCV  
  29  3:38  Marine  
  30  3:42  Supply Depot  
  30  3:44  SCV  
  31  3:54  Terran Infantry Weapons Level 1  
  31  3:56  Marine, SCV  
  31  4:02  Refinery  
  33  4:04  Supply Depot  
  33  4:10  Refinery  
  33  4:24  Starport  
  33  4:27  Orbital Command, Supply Depot  
  33  4:31  SCV  
  34  4:44  SCV  
  35  5:02  Armory, Starport Tech Lab  
  35  5:06  Fusion Core  
  35  5:11  SCV  
  36  5:23  SCV  
  37  5:28  Starport  
  37  5:35  SCV  
  38  5:47  SCV  
  38  5:48  Hi-Sec Auto Tracking  
  39  5:55  Supply Depot  
  39  5:59  SCV  
  34  6:18  Battlecruiser  
  40  6:22  Supply Depot  
  40  6:28  Orbital Command  
  40  6:39  SCV  
  41  6:45  Neosteel Armor, Supply Depot  
  41  6:46  Terran Vehicle And Ship Armor Level 1  
  41  6:52  SCV  
  42  7:04  SCV  
  43  7:10  Starport Tech Lab  
  43  7:16  SCV  
  43  7:19  Missile Turret  
  43  7:22  Battlecruiser  
  50  7:28  SCV  
  51  7:41  Missile Turret  
  51  7:45  Supply Depot  
  51  8:08  Supply Depot  
  51  8:14  Battlecruiser  
  57  8:26  Battlecruiser  
  63  8:30  Weapon Refit  
  63  8:31  Supply Depot  
  63  8:40  Terran Vehicle Weapons Level 1  
  63  8:55  Supply Depot  
  63  9:01  Armory  
  63  9:18  Battlecruiser  
  69  9:30  Battlecruiser  
  75  9:49  Supply Depot  
  75  9:50  Terran Vehicle And Ship Armor Level 2  
  75  10:22  Supply Depot  
  75  10:23  Battlecruiser  
  81  10:35  Battlecruiser  
  75  10:46  Supply Depot  
  75  11:09  Supply Depot  
  75  11:27  Battlecruiser  
  81  11:33  Supply Depot  
  81  11:35  Supply Depot  
  81  11:39  Battlecruiser  
  87  11:58  Supply Depot  
  87  12:01  Terran Vehicle Weapons Level 2  
  87  12:08  Terran Vehicle And Ship Armor Level 3  
  87  12:21  Supply Depot  
  87  12:31  Battlecruiser  
  93  12:43  Battlecruiser  
  99  12:44  Supply Depot  
  99  14:23  Command Center  
  99  14:30  Command Center  
  99  14:35  Missile Turret  
  99  14:36  Missile Turret  
  99  14:56  Missile Turret  
  99  14:57  Missile Turret  
  87  15:17  Missile Turret  
  87  15:18  Missile Turret  
  75  15:32  Battlecruiser x2  
  87  15:37  Missile Turret  
  87  15:39  Missile Turret  
  87  15:47  SCV  
  87  15:48  Refinery  
  88  15:59  SCV  
  89  16:11  SCV  
  90  16:23  SCV  
  91  16:35  SCV, Refinery  
  91  16:36  Battlecruiser x2  
  91  16:39  Refinery  
  104  16:44  Refinery  
  104  17:29  Orbital Command  
  104  17:31  Orbital Command  
  104  17:40  Battlecruiser  
  110  17:45  Battlecruiser  
  116  17:55  Terran Ship Weapons Level 1  
  116  18:22  Starport  
  116  18:45  Battlecruiser  
  122  18:49  Battlecruiser  
  128  19:07  Starport Tech Lab  
  128  19:36  Battlecruiser  
  134  19:49  Battlecruiser, Terran Ship Weapons Level 2  
  140  19:52  Terran Vehicle Weapons Level 3  
  140  19:53  Battlecruiser  
  146  20:40  Battlecruiser  
  150  20:53  Battlecruiser  
  156  20:58  Battlecruiser  
  160  21:46  Missile Turret  
  160  22:03  Battlecruiser  
  160  22:04  Battlecruiser x2  
  160  22:05  Missile Turret  
  178  22:20  Terran Ship Weapons Level 3  
  178  22:26  Missile Turret  
  178  22:47  Missile Turret  
  178  23:09  Battlecruiser, Missile Turret  
  184  23:29  Missile Turret  
  184  23:51  Missile Turret  
  184  24:11  Missile Turret  
  184  24:33  Missile Turret  
  184  24:55  Missile Turret  
  184  25:16  Missile Turret  
Tags
 
Add a new tag
Caveats
  • Supply blocks, unpowered buildings, or Contaminate may cause inaccurate times.
  • Supply counts are checked every 10 seconds.